 Dungeon Crawl Stone Soup version 0.22.1-2-g9c5b331383 (webtiles) character file.

128 Cykl0x the Shield-Bearer (level 5, 0/33 HPs)
             Began as a Gargoyle Fighter on Nov 14, 2018.
             Was an Initiate of Okawaru.
             Slain by a worm (6 damage)
             ... on level 4 of the Dungeon.
             The game lasted 00:06:08 (2864 turns).

Cykl0x the Shield-Bearer (Gargoyle Fighter)         Turns: 2864, Time: 00:06:09

Health: 0/33       AC: 10    Str: 24    XL:     5   Next: 11%
Magic:  5/5        EV:  8    Int:  9    God:    Okawaru [......]
Gold:   165        SH: 10    Dex: 10    Spells: 4/4 levels left

rFire    + . .     SeeInvis .   a - +0 flail
rCold    + . .     Gourm    .   c - +1 shield
rNeg     + + .     Faith    .   b - +0 scale mail
rPois    ∞         Spirit   .   (no helmet)
rElec    +         Reflect  .   q - scarf {rC+ rF+}
rCorr    .         Harm     .   (no gloves)
MR       .....                  (no boots)
Stlth    +.........             (no amulet)
HPRegen  0.11/turn              g - ring of positive energy
MPRegen  0.09/turn              v - ring of stealth

@: mighty
A: negative energy resistance 1, electricity resistance, unbreathing,
petrification resistance, rot immunity, AC +4
a: Renounce Religion


You were on level 4 of the Dungeon.
You worshipped Okawaru.
Okawaru was noncommittal.
You were near starving.

You visited 1 branch of the dungeon, and saw 4 of its levels.

You collected 165 gold pieces.

Inventory:

Hand Weapons
 a - a +0 flail (weapon)
Missiles
 n - 90 stones (quivered)
Armour
 b - a +0 scale mail (worn)
 c - a +1 shield (worn)
 o - a +0 cloak of poison resistance
 q - a scarf of resistance (worn)
Jewellery
 g - a ring of positive energy (left hand)
 l - an uncursed ring of ice
 v - a ring of stealth (right hand)
Wands
 m - a wand of digging (8)
 u - a wand of iceblast (8)
Scrolls
 e - a scroll of immolation
 i - 2 scrolls of remove curse
Potions
 d - a potion of might
 h - 3 potions of degeneration {unknown}
 j - a potion of curing
 k - a potion of ambrosia {unknown}
 p - a potion of haste {unknown}
 r - a potion of resistance {unknown}
 s - a potion of brilliance {unknown}
 t - a potion of lignification {unknown}
 w - a potion of invisibility {unknown}
 x - a potion of flight {unknown}
Comestibles
 f - 2 rations


   Skills:
 + Level 3.6 Fighting
 + Level 3.4 Maces & Flails
 + Level 3.6 Armour
 + Level 1.5 Dodging
 + Level 4.0 Shields


You had 4 spell levels left.
You didn't know any spells.
Your spell library was empty.

Dungeon Overview and Level Annotations

Branches:
Dungeon (4/15)
 Temple: D:4-7

Altars:
Gozag
Kikubaaqudgha
Okawaru
The Shining One


Innate Abilities, Weirdness & Mutations

You are resistant to torment.
Your stone body is resilient. (AC +4)
You are immune to poison.
You resist negative energy. (rN+)
You are resistant to electric shocks. (rElec)
You can survive without breathing.
You are immune to petrification.
You are immune to rotting.


Message History

You hit the worm.
The worm is heavily wounded.
The worm bites you but does no damage.
You barely miss the worm.
The worm is heavily wounded.
The ogre shouts!
The worm bites you.
You hit the worm but do no damage.
The worm is moderately wounded.
You feel better. The worm bites you but does no damage.
You feel very mighty all of a sudden. The worm bites you.
You sock the ogre!
The ogre is moderately wounded.
The ogre hits you with a giant club!
* * * LOW HITPOINT WARNING * * *
You sock the ogre!
The ogre is severely wounded.
The worm bites you.
You die...

...............# ..O#
)..............##...#
......##+###........##
.##...# ##....O....#
.##...# +..........+
...... #..........#
......## ##.."##....#
......##..##...#######
.#######.......w@....#
#.......O.....#
........##...##
........######
......... ...##....
#.. #.... .. #..###


You could see an ogre and a worm.

Vanquished Creatures
  An orc wizard (D:3)
  3 adders
  2 worms (D:2)
  2 dart slugs
  3 leopard geckos
  2 orcs (D:3)
  9 goblins
  16 hobgoblins
  A quokka (D:4)
  4 bats
  5 frilled lizards
  4 kobolds
  9 rats
61 creatures vanquished.

Notes
Turn   | Place    | Note
-------+----------+-------------------------------------------
     0 | D:1      | Cykl0x the Gargoyle Fighter began the quest for the Orb.
     0 | D:1      | Reached XP level 1. HP: 14/14 MP: 1/1
   142 | D:1      | Reached XP level 2. HP: 13/19 MP: 2/2
   824 | D:2      | Reached XP level 3. HP: 22/23 MP: 3/3
  1055 | D:2      | Found a glowing golden altar of the Shining One.
  1055 | D:2      | Found an iron altar of Okawaru.
  1058 | D:2      | Found an ancient bone altar of Kikubaaqudgha.
  1063 | D:2      | Became a worshipper of Warmaster Okawaru
  1102 | D:2      | Reached skill level 4 in Shields
  1363 | D:2      | Reached XP level 4. HP: 27/28 MP: 4/4
  2231 | D:3      | Reached skill level 1 in Dodging
  2333 | D:3      | Found an opulent altar of Gozag.
  2502 | D:3      | Reached XP level 5. HP: 33/33 MP: 5/5
  2841 | D:4      | Noticed an ogre
  2864 | D:4      | Slain by a worm

Skill      XL: |  1  2  3  4 |
---------------+-------------+-----
Shields        | 4 |  4.0
Maces & Flails | 3 |  3.4
Dodging        | 1 |  1.5
Fighting       | |  3.6
Armour         | |  3.6

Action                   |  1- 3 |  4- 6 || total
-------------------------+-------+-------++-------
Melee: Flail             |   178 |    85 ||   263
Throw: Stone             |     4 |       ||     4
  Use: Scroll            |     8 |       ||     8
       Potion            |       |     2 ||     2
  Eat: Chunk             |     2 |     3 ||     5
Armor: Scale mail        |   129 |    48 ||   177
Dodge: Dodged            |    61 |    18 ||    79
Block: Shield            |   124 |    50 ||   174
